 Dungeon Crawl Stone Soup version 0.31.0-32-g396128a36d (webtiles) character file.

Game seed: 92251934363699400

665 Cloneswarsnerd the Chopper (level 7, 0/61 HPs)
             Began as a Minotaur Fighter on Apr 19, 2024.
             Slain by Sigmund the steam dragon (4 damage)
             ... on level 5 of the Dungeon.
             The game lasted 00:12:14 (3874 turns).

Cloneswarsnerd the Chopper (Minotaur Fighter)       Turns: 3874, Time: 00:12:14

Health: 0/61       AC: 14    Str: 22    XL:     7   Next: 31%
Magic:  6/6        EV:  6    Int:  5    God:
Gold:   230        SH:  4    Dex: 10    Spells: 6/6 levels left

rFire   . . .        a - +1 war axe
rCold   . . .        c - +0 buckler
rNeg    . . .        h - +0 plate armour
rPois   .            (helmet restricted)
rElec   .            g - +0 cloak
rCorr   .            (no gloves)
SInv    .            (no boots)
Will    +....        (no amulet) Stlth
                     k - ring of willpower
HPRegen 0.30/turn    (no ring)
MPRegen 0.10/turn

%: no passive effects
@: no status effects
A: horns 2, retaliatory headbutt
a: no special abilities


You were on level 5 of the Dungeon.
You visited 1 branch of the dungeon, and saw 5 of its levels.

You collected 230 gold pieces.

Inventory:

Hand Weapons
 a - a +1 war axe (weapon)
Armour
 c - a +0 buckler (worn)
 g - a +0 cloak (worn)
 h - a +0 plate armour (worn)
Jewellery
 k - a ring of willpower (left hand)
Wands
 d - a wand of polymorph (4) (quivered)
Scrolls
 j - a scroll of noise {unknown}
 m - a scroll of teleportation {unknown}
 n - a scroll of enchant armour
Potions
 b - a potion of haste {unknown}
 e - a potion of enlightenment
 f - 2 potions of lignification
 l - a potion of ambrosia {unknown}


   Skills:
 + Level 5.3 Fighting
 + Level 6.5 Axes
 + Level 6.1 Armour
 + Level 1.2 Dodging
 + Level 0.6 Stealth
 + Level 4.7 Shields


You had 6 spell levels left.
You didn't know any spells.
Your spell library contained the following spells:

 Spells                   Type           Power      Damage    Failure   Level
 Blink                    Tloc           0%         N/A       100%        2
 Cigotuvi's Dreadful Rot  Necr/Alch/Air  0%         N/A       100%        2
 Ensorcelled Hibernation  Hex/Ice        0%         N/A       100%        2
 Lesser Beckoning         Tloc           0%         N/A       100%        2
 Momentum Strike          Conj/Tloc      0%         3d8       100%        2
 Static Discharge         Conj/Air       0%         3-3/arc   100%        2
 Passwall                 Erth           0%         N/A       100%        3
 Swiftness                Air            0%         N/A       100%        3
 Airstrike                Air            0%         2d(0-16)  100%        4
 Dispel Undead            Necr           0%         3d6       100%        4
 Martyr's Knell           Necr/Summ      0%         N/A       100%        4
 Summon Lightning Spire   Summ/Air       0%         N/A       100%        4
 Death Channel            Necr           0%         N/A       100%        6


Dungeon Overview and Level Annotations

Branches:
Dungeon (5/15)
 Temple: D:4-7

Altars:

Annotations:
D:5 Sigmund


Innate Abilities, Weirdness & Mutations

You have a pair of horns on your head.
You reflexively headbutt those who attack you in melee.


Message History

Sigmund shouts!
Found 16 gold pieces, a hand axe and a golden potion.
Aiming: Polymorph
Press: ? - help, Q - select action Shift-Dir - straight line, f - Sigmund
Aim: Sigmund, wielding a +0 scythe and wearing a +0 robe (will become a steam dragon, a hound, or a river rat, chance to affect: 57%) Sigmund evaporates and reforms as a steam dragon!
You block Sigmund's attack. Sigmund claws you but does no damage.
You closely miss Sigmund. You block Sigmund's attack. x2
You slash Sigmund!
Sigmund is moderately wounded.
Sigmund breathes steam at you. The ball of steam hits you!
The adder bites you but does no damage.
You barely miss Sigmund. You headbutt Sigmund, but do no damage.
Sigmund is moderately wounded.
You slash the adder!
You are engulfed in a cloud of scalding steam.
The adder bites you. Sigmund bites you. You block Sigmund's attack.
You completely miss Sigmund.
Sigmund is moderately wounded.
You slash the adder!
You kill the adder!
You block Sigmund's attack. Sigmund claws you but does no damage.
You barely miss Sigmund.
Sigmund is moderately wounded.
Sigmund bites you but does no damage. Sigmund barely misses you.
Sigmund breathes steam at you. The ball of steam hits you!!
It was a potion of curing.
You feel better.
You are engulfed in a cloud of scalding steam.
Sigmund barely misses you. Sigmund claws you but does no damage.
You slash Sigmund!
Sigmund is severely wounded.
Sigmund breathes steam at you. The ball of steam hits you!!
* * * LOW HITPOINT WARNING * * *
You hit Sigmund.
Sigmund is almost dead.
You are engulfed in a cloud of scalding steam.
Sigmund bites you but does no damage. Sigmund claws you.
You die...

####...
##..!..
#..)...
##$....
###.....#
.......#
#..D.######
#..@.......
#.ยง........
#..........
####.......
.......
###...# ####


You could see Sigmund the steam dragon (catching breath).

Vanquished Creatures
  An ogre (D:4)
  A black bear (D:4)
  A scorpion (D:4)
  A bombardier beetle (D:4)
  Crazy Yiuf (D:3)
  A gnoll bouda (D:4)
  Jessica (D:3)
  Terence (D:3)
  An iguana (D:3)
  An orc wizard (D:3)
  3 sleepcaps (D:4)
  3 gnolls (D:4)
  6 adders
  4 ribbon worms
  4 orcs
  3 ball pythons
  3 endoplasms
  A giant cockroach (D:2)
  13 goblins
  5 hobgoblins
  5 kobolds
  2 quokkas
  3 bats
  A frilled lizard (D:1)
  6 rats
72 creatures vanquished.

Notes
Turn   | Place    | Note
-------+----------+-------------------------------------------
     0 | D:1      | Cloneswarsnerd the Minotaur Fighter began the quest for the
                  | Orb.
     0 | D:1      | Reached XP level 1. HP: 19/19 MP: 0/0
   178 | D:1      | Reached XP level 2. HP: 27/27 MP: 1/1
   657 | D:2      | Found a faded altar of an unknown god.
   671 | D:2      | Reached XP level 3. HP: 33/33 MP: 2/2
  1279 | D:2      | Reached skill level 1 in Dodging
  1279 | D:2      | Reached XP level 4. HP: 41/41 MP: 3/3
  1464 | D:3      | Noticed Terence
  1468 | D:3      | Killed Terence
  1590 | D:3      | Reached XP level 5. HP: 45/47 MP: 4/4
  1836 | D:3      | Found a runed translucent door.
  1837 | D:3      | Noticed Crazy Yiuf
  1950 | D:3      | Noticed Jessica
  1956 | D:3      | Killed Jessica
  2556 | D:3      | Killed Crazy Yiuf
  2757 | D:4      | Reached skill level 5 in Axes
  2757 | D:4      | Reached skill level 5 in Armour
  2757 | D:4      | Reached XP level 6. HP: 52/55 MP: 5/5
  3186 | D:4      | Reached skill level 5 in Fighting
  3186 | D:4      | Reached XP level 7. HP: 59/61 MP: 6/6
  3865 | D:5      | Entered Level 5 of the Dungeon
  3865 | D:5      | Noticed Sigmund
  3866 | D:5      | Sigmund changed into Sigmund the steam dragon
  3866 | D:5      | Noticed Sigmund
  3873 | D:5      | HP: 3/61 [Sigmund the steam dragon/ball of steam (19)]
  3874 | D:5      | Slain by Sigmund the steam dragon

Illustrated notes

Levels and vault maps discovered:
D:1:      onia_arrival_mini_maze, layout_rooms
D:2:      kennysheep_the_goblin_king, layout_basic,
          nicolae_ecumenical_snake_handling, minmay_tall_x
D:3:      layout_loops_ring, uniq_jessica, uniq_crazy_yiuf_cottage, uniq_terence
D:4:      layout_loops_ring
D:5:      layout_basic, amethyst_overflow_temple_binary, uniq_duvessa,
          uniq_sigmund, uniq_grinder

Skill      XL: |  1  2  3  4  5  6  7 |
---------------+----------------------+-----
Shields        | 4 |  4.7
Fighting       | 4 5 |  5.3
Armour         | 4 5 6 |  6.1
Axes           | 3 5 6 |  6.5
Dodging        | 1 |  1.2
Stealth        | |  0.6

Action                     |  1- 3 |  4- 6 |  7- 9 || total
---------------------------+-------+-------+-------++-------
  Melee: War axe           |    71 |   101 |    30 ||   202
         Headbutt          |     4 |    13 |     4 ||    21
  Evoke: Wand              |       |       |     1 ||     1
    Use: Potion            |     1 |     1 |     1 ||     3
         Scroll            |     2 |     2 |       ||     4
 Armour: Scale mail        |    67 |     2 |       ||    69
         Plate armour      |       |    77 |    36 ||   113
  Dodge: Dodged            |    39 |    37 |     8 ||    84
  Block: Buckler           |    19 |    23 |    14 ||    56
